 Dungeon Crawl Stone Soup version 0.26-a0-753-g4680b4fa2e (webtiles) character file.

Game seed: 15432818214997158648

66 2tc the Sneak (level 3, -1/16 HPs)
             Began as a Spriggan Enchanter on Nov 7, 2020.
             Killed from afar by Ijyb (7 damage)
             ... with a puff of flame
             ... on level 3 of the Dungeon.
             The game lasted 00:07:10 (2255 turns).

2tc the Sneak (Spriggan Enchanter)                  Turns: 2255, Time: 00:07:10

Health: -1/16      AC:  2    Str:  4    XL:     3   Next: 96%
Magic:  0/8        EV: 18    Int: 16    God:
Gold:   121        SH:  0    Dex: 17    Spells: 1/7 levels left

rFire    . . .     SeeInvis +   a - +1 dagger
rCold    . . .     Faith    .   (shield restricted)
rNeg     . . .     Spirit   .   b - +0 robe
rPois    .         Reflect  .   (helmet restricted)
rElec    .         Harm     .   (no cloak)
rCorr    .         Rampage  .   (gloves unavailable)
MR       .....                  (boots unavailable)
Stlth    ++++......             (no amulet)
HPRegen  0.05/turn              (no ring)
MPRegen  0.11/turn              (no ring)

@: very quick
A: very small, unfitting armour, see invisible, speed 3
a: no special abilities


You were on level 3 of the Dungeon.
You visited 1 branch of the dungeon, and saw 3 of its levels.

You collected 121 gold pieces.

Inventory:

Hand Weapons
 a - a +1 dagger (weapon)
Armour
 b - a +0 robe (worn)
Scrolls
 f - 2 scrolls of remove curse
 g - 2 scrolls of teleportation
 i - a scroll of blinking
Potions
 c - a potion of curing
 d - a potion of mutation {unknown}
 e - a potion of flight {unknown}
 j - 2 potions of resistance {unknown}
 k - a potion of brilliance {unknown}


   Skills:
 - Level 1.1 Short Blades
 - Level 3.0 Dodging
 * Level 6.7 Stealth
 - Level 2.6 Spellcasting
 + Level 4.5 Hexes


You had one spell level left.
You knew the following spells:

 Your Spells              Type           Power        Failure   Level
a - Corona                Hex            ###....      3%          1
b - Ensorcelled Hibernat  Hex/Ice        #.....       12%         2
c - Tukima's Dance        Hex            ###.....     9%          3

Your spell library contained the following spells:

 Spells                   Type           Power        Failure   Level
 Confusing Touch          Hex            ###.....     9%          3
 Dazzling Flash           Conj/Hex       #.....       22%         3


Dungeon Overview and Level Annotations

Branches:
Dungeon (3/15)

Altars:
Kikubaaqudgha

Annotations:
D:3 Ijyb


Innate Abilities, Weirdness & Mutations

You are very small and have problems with some larger weapons.
You are too small for most types of armour.
You have supernaturally acute eyesight. (SInv)
You cover ground extremely quickly.


Message History

Aim: Ijyb, wearing a +0 leather armour and carrying a wand of flame (22) (chance to defeat MR: 50%) Ijyb resists with some effort.
Ijyb hits you but does no damage.
Press: ? - help, v - describe, . - travel
Here: Ijyb, wearing a +0 leather armour and carrying a wand of flame (22)
The floor.
Unknown command.
Casting: Ensorcelled Hibernation (safe; 12% risk of failure)
Confirm with . or Enter, or press ? or * to list all spells.
Aiming: Ensorcelled Hibernation (safe; 12% risk of failure)
Press: ? - help, Shift-Dir - straight line, f/p - Ijyb
Aim: Ijyb, wearing a +0 leather armour and carrying a wand of flame (22) (chance to defeat MR: 50%) Ijyb looks drowsy...
The helpless Ijyb fails to defend herself.
You impale Ijyb!!
Ijyb is almost dead.
Ijyb hits you.
You closely miss Ijyb.
Ijyb is almost dead.
Ijyb zaps a wand.
The puff of flame hits you!
You die...

............#
.....#.##...###.#
.......##!......#
##.........######
#.....###.#
#..... ##.# #....
#..# ..#..##..# #
#.g@...# ##....##
####.# #.# #.#
###


You could see Ijyb.

Vanquished Creatures
  3 adders (D:2)
  2 dart slugs
  A leopard gecko (D:2)
  6 bats
  3 giant cockroaches
  2 goblins (D:1)
  4 hobgoblins
  5 kobolds
  8 rats
34 creatures vanquished.

Vanquished Creatures (others)
  A human (D:2)
1 creature vanquished.

Grand Total: 35 creatures vanquished

Notes
Turn   | Place    | Note
-------+----------+-------------------------------------------
     0 | D:1      | 2tc the Spriggan Enchanter began the quest for the Orb.
     0 | D:1      | Reached XP level 1. HP: 9/9 MP: 5/5
   276 | D:1      | Reached skill level 5 in Stealth
   369 | D:1      | Reached XP level 2. HP: 13/13 MP: 6/6
   715 | D:1      | Learned a level 2 spell: Ensorcelled Hibernation
   945 | D:2      | Reached XP level 3. HP: 16/16 MP: 0/8
  1105 | D:2      | Found an ancient bone altar of Kikubaaqudgha.
  1105 | D:2      | Noticed a human
  1110 | D:2      | Killed a human
  1230 | D:2      | Reached skill level 6 in Stealth
  2180 | D:2      | Learned a level 3 spell: Tukima's Dance
  2247 | D:3      | Noticed Ijyb
  2255 | D:3      | Killed from afar by Ijyb

Illustrated notes

Levels and vault maps discovered:
D:1:      lemuel_arrival_hallway, layout_basic
D:2:      mumra_celtic_spiral_tile, layout_rooms, tgw_kikubaaqudgha
D:3:      gammafunk_steamed_eel, layout_basic, gammafunk_temple_overflow_claw,
          chequers_garden, nrook_campfire, hex_large, kennysheep_jessica_study,
          uniq_ijyb

Skill      XL: |  1  2  3 |
---------------+----------+-----
Stealth        | 5 6 |  6.7
Hexes          | 4 |  4.5
Short Blades   | |  1.1
Dodging        | |  3.0
Spellcasting   | |  2.6

Action                   || total
-------------------------++-------
Melee: Dagger            ||   106
 Cast: Corona            ||     6
       Ensorcelled Hiber ||    14
  Use: Scroll            ||     7
 Stab: Sleeping          ||    19
Armor: Robe              ||     9
Dodge: Dodged            ||    79

Table legend: (Time is in decaauts)
 A = Elapsed time spent in this place.
 B = Non-inter-level travel time spent in this place.
 C = Inter-level travel time spent in this place.
 D = Time resting spent in this place.
 E = Time spent auto-exploring this place.
 F = Levels seen in this place.
 G = Mean time per level.
                   A        B        C        D        E       F      G
               +--------+--------+--------+--------+--------+-----+--------+
         Total |   1748 |   1716 |     32 |    761 |    672 |   3 |  582.7 |
       Dungeon |   1748 |   1716 |     32 |    761 |    672 |   3 |  582.7 |
               +--------+--------+--------+--------+--------+-----+--------+

Top non-repeatable levels by time:
     D:2: 1016 daAuts
     D:1: 693 daAuts
     D:3: 38 daAuts
